 Dungeon Crawl Stone Soup version 0.23-a0-712-g3a644c0 (webtiles) character file.

53 Lanoc the Skirmisher (level 3, -2/29 HPs)
             Began as a Demonspawn Fighter on Jan 15, 2019.
             Slain by a gnoll
             ... wielding a cursed -3 spear
              (4 damage)
             ... on level 2 of the Dungeon.
             The game lasted 00:01:31 (1253 turns).

Lanoc the Skirmisher (Demonspawn Fighter)           Turns: 1253, Time: 00:01:33

Health: -2/29      AC:  6    Str: 22    XL:     3   Next: 62%
Magic:  0/3        EV:  7    Int:  9    God:
Gold:   114        SH:  9    Dex: 12    Spells: 2/2 levels left

rFire    . . .     SeeInvis .   a - +0 long sword
rCold    . . .     Gourm    .   c - +0 shield
rNeg     . . .     Faith    .   b - +0 scale mail
rPois    .         Spirit   +   (helmet restricted)
rElec    .         Reflect  .   (no cloak)
rCorr    .         Harm     .   (no gloves)
MR       .....                  (no boots)
Stlth    ..........             (no amulet)
HPRegen  0.09/turn              (no ring)
MPRegen  0.08/turn              (no ring)

@: mighty
A: antennae 1, magic shield
a: no special abilities


You were on level 2 of the Dungeon.
You were not hungry.

You visited 1 branch of the dungeon, and saw 2 of its levels.

You collected 114 gold pieces.

Inventory:

Hand Weapons
 a - a +0 long sword (weapon)
Armour
 b - a +0 scale mail (worn)
 c - a +0 shield (worn)
Scrolls
 e - 2 scrolls of enchant weapon {unknown}
 g - a scroll of identify {unknown}
 i - 3 scrolls of fog {unknown}
 k - a scroll of remove curse {unknown}
 l - a scroll of immolation {unknown}
 n - a scroll of fear {unknown}
Potions
 h - a potion of resistance {unknown}
 m - 2 potions of cancellation {unknown}
Comestibles
 f - a ration


   Skills:
 + Level 3.3 Fighting
 * Level 2.6 Long Blades
 + Level 3.0 Armour
 + Level 1.1 Dodging
 - Level 2.6 Shields


You had 2 spell levels left.
You didn't know any spells.
Your spell library was empty.

Dungeon Overview and Level Annotations

Branches:
Dungeon (2/15)

Altars:


Innate Abilities, Weirdness & Mutations

You have a pair of small antennae on your head.
When hurt, damage is shared between your health and your magic reserves.


Message History

You block the gnoll's attack.
You see here a rat corpse.
You feel very mighty all of a sudden. The gnoll closely misses you.
You block the gnoll's attack.
You hit the gnoll.
The gnoll is lightly wounded.
The gnoll hits you but does no damage. You block the gnoll's attack. x2
The gnoll barely misses you.
You hit the gnoll.
The gnoll is heavily wounded.
You block the gnoll's attack. The gnoll closely misses you.
The gnoll hits you with a cursed -3 spear.
* * * LOW HITPOINT WARNING * * *
You closely miss the gnoll.
The gnoll is heavily wounded.
The gnoll hits you from afar with a +0 halberd.
* * * LOW HITPOINT WARNING * * *
The gnoll barely misses you.
The gnoll hits you with a cursed -3 spear.
You die...

#... #...
#... ###...
..... .gg##
#gg# #@#
#)#
######'####
#.........#
#.........#
#.........#
#.........#
.#
#.........#
#.#
#.........#
####.#


You could see 4 gnolls.

Vanquished Creatures
  A gnoll (D:1)
  An ooze (D:1)
  A dart slug (D:2)
  3 leopard geckos (D:1)
  2 giant cockroaches
  4 goblins
  9 hobgoblins
  A kobold (D:1)
  3 bats (D:1)
  6 rats
31 creatures vanquished.

Notes
Turn   | Place    | Note
-------+----------+-------------------------------------------
     0 | D:1      | Lanoc the Demonspawn Fighter began the quest for the Orb.
     0 | D:1      | Reached XP level 1. HP: 18/18 MP: 1/1
   122 | D:1      | Gained mutation: When hurt, damage is shared between your
                  | health and your magic reserves. [demonic ancestry]
   122 | D:1      | Reached XP level 2. HP: 18/24 MP: 2/2
   854 | D:1      | Gained mutation: You have a pair of small antennae on your
                  | head. [demonic ancestry]
   854 | D:1      | Reached XP level 3. HP: 28/29 MP: 3/3
  1129 | D:1      | Reached skill level 1 in Dodging
  1253 | D:2      | Slain by a gnoll

Vault maps used:
D:1:      erik_arrival_cave_to_civilisation, minmay_pentomino_r2
D:2:      st_stairs_3, minmay_small_reverse_x, uniq_terence

Skill      XL: |  1  2  3 |
---------------+----------+-----
Long Blades    | 2 |  2.6
Armour         | 3 |  3.0
Dodging        | 1 |  1.1
Fighting       | |  3.3
Shields        | |  2.6

Action                   || total
-------------------------++-------
Melee: Long sword        ||    82
  Use: Potion            ||     1
  Eat: Chunk             ||     1
Armor: Scale mail        ||    39
Dodge: Dodged            ||    37
Block: Shield            ||    43
       Rpst.: Long sword ||    13

Table legend:
 A = Non-vault XP
 B = Vault XP
 C = Vault XP percentage of total XP
 D = Non-vault monster count
 E = Vault monster count
 F = Vault count percentage of total count
                 A         B        C        D         E       F
            +---------+---------+-------+---------+---------+-------
      Total |      68 |       8 |  10.5 |      27 |       4 |  12.9
            +---------+---------+-------+---------+---------+-------
        D:1 |      55 |       8 |  12.7 |      20 |       4 |  16.7
        D:2 |      13 |       0 |   0.0 |       7 |       0 |   0.0
            +---------+---------+-------+---------+---------+-------
